 Dungeon Crawl Stone Soup version 0.27.1-1-g398f81649c (webtiles) character file.

Game seed: 447892464099629587

23 jondo1214 the Grave Robber (level 3, -1/26 HPs)
             Began as a Hill Orc Necromancer on Sept 13, 2021.
             Slain by a hobgoblin (3 damage)
             ... on level 2 of the Dungeon.
             The game lasted 00:05:39 (1835 turns).

jondo1214 the Grave Robber (Hill Orc Necromancer)   Turns: 1835, Time: 00:05:39

Health: -1/26      AC:  2    Str: 10    XL:     3   Next: 0%
Magic:  1/5        EV: 12    Int: 16    God:
Gold:   36         SH:  0    Dex: 11    Spells: 3/5 levels left

rFire    . . .     SeeInvis .   b - +1 short sword
rCold    . . .     Faith    .   (no shield)
rNeg     . . .     Spirit   .   a - +0 robe
rPois    .         Reflect  .   (no helmet)
rElec    .         Harm     .   (no cloak)
rCorr    .         Rampage  .   (no gloves)
Will     .....                  (no boots)
Stlth    ++........             (no amulet)
HPRegen  0.08/turn              (no ring)
MPRegen  0.09/turn              (no ring)

@: no status effects
A: no striking features
a: no special abilities


You were on level 2 of the Dungeon.
You visited 1 branch of the dungeon, and saw 2 of its levels.

You collected 36 gold pieces.

Inventory:

Hand Weapons
 b - a +1 short sword (weapon)
Armour
 a - a +0 robe (worn)
 c - a +0 ring mail
 e - a +0 helmet
Scrolls
 d - a scroll of enchant weapon


   Skills:
 * Level 0.2 Armour
 + Level 1.5 Dodging
 * Level 1.8 Stealth
 + Level 0.1 Unarmed Combat
 * Level 1.9 Spellcasting
 * Level 4.4 Necromancy


You had 3 spell levels left.
You knew the following spells:

 Your Spells              Type           Power      Damage    Failure   Level
a - Pain                  Necr           60%        1d7       3%          1
b - Animate Skeleton      Necr           30%        N/A       3%          1

Your spell library contained the following spells:

 Spells                   Type           Power      Damage    Failure   Level
 Vampiric Draining        Necr           7%         2d7       10%         3
 Stone Arrow              Conj/Erth      2%         3d7       54%         3
 Animate Dead             Necr           7%         N/A       32%         4
 Agony                    Necr           15%        N/A       67%         5
 Animate Armour           Summ/Erth      2%         N/A       91%         4
 Lehudib's Crystal Spear  Conj/Erth      0%         10d2      100%        8


Dungeon Overview and Level Annotations

Branches:
Dungeon (2/15)

Altars:


Message History

The worm is heavily wounded.
Casting: Animate Skeleton (safe; 3% risk of failure)
Confirm with . or Enter, or press ? or * to list all spells.
Aiming: Pain (safe; 3% risk of failure)
Press: ? - help, Shift-Dir - straight line, f - worm
Aim: a worm (heavily wounded, chance to affect: 79%)
The worm writhes in agony.
The worm completely misses you.
Casting: Pain (safe; 3% risk of failure)
Confirm with . or Enter, or press ? or * to list all spells.
Aiming: Pain (safe; 3% risk of failure)
Press: ? - help, Shift-Dir - straight line, f/p - worm
Aim: a worm (heavily wounded, chance to affect: 79%)
The worm writhes in agony.
The worm bites you.
* * * LOW HITPOINT WARNING * * *
Casting: Pain (safe; 3% risk of failure)
Confirm with . or Enter, or press ? or * to list all spells.
Aiming: Pain (safe; 3% risk of failure)
Press: ? - help, Shift-Dir - straight line, f/p - worm
Aim: a worm (severely wounded, chance to affect: 79%)
The worm writhes in agony.
You kill the worm!
You have reached level 3!
Your experience leads to an increase in your attributes!
Increase (S)trength, (I)ntelligence, or (D)exterity?
You feel clever.
Casting: Pain (safe; 3% risk of failure)
Confirm with . or Enter, or press ? or * to list all spells.
Aiming: Pain (safe; 3% risk of failure)
Press: ? - help, Shift-Dir - straight line, f - hobgoblin
Aim: a hobgoblin (chance to affect: 85%)
The hobgoblin barely resists.
The hobgoblin closely misses you.
Found a scale mail.
The bat hits you.
* * * LOW HITPOINT WARNING * * *
The bat hits you but does no damage. The bat barely misses you.
You aren't carrying any potions.
Okay, then.
You closely miss the bat. The bat closely misses you. The hobgoblin hits you.
You die...

#...>..# #
#......# .
#......#
##.
#.#.##.# [.
##.#.##..
##.#
##..#.##..
.## #..
#..##.##..
.... #.#
##.###.####
..... #@#
#..# #.# #.
.....##g#
#.## #.# #.
.......b#
#.# #.# #>
######..##
#.# #.# #.
##..#####)#
#.# #.
#.....##.#
#.# #.
##.##.#..#
#.# #.
#.##...##
#.# #.
#.######
#<# #.


You could see a hobgoblin and a bat.

Vanquished Creatures
  A worm (D:2)
  6 bats
  An endoplasm (D:1)
  2 goblins
  A hobgoblin (D:1)
  A quokka (D:2)
  A frilled lizard (D:1)
  3 kobolds
  3 rats
19 creatures vanquished.

Vanquished Creatures (collateral kills)
  A dart slug (D:1)
1 creature vanquished.

Grand Total: 20 creatures vanquished

Notes
Turn   | Place    | Note
-------+----------+-------------------------------------------
     0 | D:1      | jondo1214 the Hill Orc Necromancer began the quest for the
                  | Orb.
     0 | D:1      | Reached XP level 1. HP: 14/14 MP: 3/3
    34 | D:1      | Learned a level 1 spell: Animate Skeleton
   350 | D:1      | Reached XP level 2. HP: 17/20 MP: 0/4
  1818 | D:2      | Reached XP level 3. HP: 3/26 MP: 1/5
  1835 | D:2      | Slain by a hobgoblin

Illustrated notes

Levels and vault maps discovered:
D:1:      dpeg_arrival_radiant, layout_basic
D:2:      layout_rooms

Action                   || total
-------------------------++-------
Melee: Unarmed           ||     6
       Short sword       ||    48
 Cast: Pain              ||    26
       Animate Skeleton  ||    12
  Use: Scroll            ||     2
Armor: Robe              ||    13
Dodge: Dodged            ||    44
